Map: New Repugnancy LE

Players

Mesrob - Winner!

  • Race: Terran Terran
  • League: Platinum
  • Spawn Location: 1:00

QQuisote

  • Race: Protoss Protoss
  • Spawn Location: 7:00

VOD

Have the link to the VOD?

Description

Time

  • Played on: July 13, 2019, 11:29 a.m.
  • Length: 13:57
Show
View Real Time Build Order
Export as new Build Order

Mesrob Terran - Winner!

Build Orders: 2 Factory, Reaper Expand 

Get SALT Encoding   

  12  0:00  SCV  
  13  0:13  SCV  
  14  0:18  Supply Depot  
  14  0:25  SCV  
  15  0:39  SCV  
  15  0:41  Barracks  
  16  0:47  Refinery  
  16  0:51  SCV  
  17  1:03  SCV  
  18  1:15  SCV  
  19  1:27  Orbital Command  
  19  1:35  Reaper  
  20  1:44  Command Center  
  20  1:52  Refinery  
  20  1:59  SCV  
  21  2:13  Barracks Reactor  
  21  2:15  SCV  
  22  2:23  Factory  
  22  2:30  SCV  
  23  2:48  Supply Depot  
  23  2:55  SCV  
  24  3:01  Orbital Command  
  24  3:08  Factory, SCV, Armory  
  24  3:11  Supply Depot  
  25  3:19  Hellion x2  
  29  3:20  SCV  
  30  3:27  Supply Depot  
  30  3:30  SCV  
  30  3:33  SCV  
  32  3:44  Hellion  
  32  3:47  Hellion  
  36  3:51  Factory Tech Lab  
  36  3:56  Factory  
  36  3:57  Engineering Bay  
  36  4:00  Refinery, SCV  
  36  4:01  SCV  
  38  4:08  Supply Depot  
  38  4:12  SCV  
  38  4:13  SCV  
  40  4:17  Terran Vehicle Weapons Level 1  
  40  4:21  Mag-Field Accelerator  
  40  4:24  SCV  
  40  4:26  Cyclone  
  46  4:31  Hellion  
  46  4:35  Hellion  
  48  4:39  Refinery  
  48  4:41  SCV  
  48  4:42  SCV  
  50  4:49  Missile Turret  
  50  4:52  Missile Turret  
  50  4:54  SCV  
  50  4:56  Missile Turret  
  50  4:58  SCV  
  52  5:02  Factory Tech Lab  
  52  5:05  Cyclone  
  52  5:06  SCV  
  56  5:18  Supply Depot  
  56  5:22  Cyclone  
  56  5:24  Hellion  
  56  5:27  Hellion  
  63  5:44  Supply Depot  
  63  5:46  Cyclone  
  63  5:47  SCV x2  
  68  5:55  Command Center  
  68  5:59  Supply Depot, SCV  
  68  6:01  SCV  
  70  6:10  Supply Depot  
  70  6:11  SCV  
  70  6:15  Cyclone  
  70  6:17  Hellion x2  
  78  6:19  Terran Vehicle And Ship Armor Level 1  
  78  6:22  Supply Depot  
  78  6:27  Armory  
  78  6:33  SCV  
  78  6:34  SCV  
  80  6:40  Cyclone  
  80  6:41  Hellion x2  
  80  6:43  Infernal Pre-Igniter  
  80  6:45  SCV  
  80  6:46  SCV  
  89  6:53  Supply Depot  
  89  6:54  Supply Depot  
  89  7:03  SCV x2  
  89  7:08  Hellion, Cyclone  
  96  7:09  Hellion  
  96  7:15  SCV  
  99  7:16  Supply Depot  
  99  7:19  Supply Depot  
  99  7:31  Refinery  
  99  7:40  Cyclone  
  99  7:41  Missile Turret  
  99  7:42  Hellion x2, Missile Turret  
  99  7:44  Terran Vehicle Weapons Level 2  
  106  7:50  Orbital Command  
  106  7:57  Refinery, SCV  
  107  7:58  SCV  
  107  8:02  Supply Depot, Missile Turret  
  108  8:09  Hellion x2, Cyclone  
  108  8:10  SCV  
  108  8:11  SCV  
  117  8:15  SCV  
  118  8:22  Supply Depot, SCV  
  118  8:23  SCV  
  120  8:27  SCV  
  120  8:28  Cyclone  
  120  8:30  Supply Depot  
  120  8:31  Hellion x2  
  120  8:34  SCV, Terran Vehicle And Ship Armor Level 2  
  129  8:35  SCV  
  129  8:39  SCV  
  131  8:41  Cyclone  
  131  8:42  Supply Depot  
  131  8:45  Supply Depot  
  131  8:48  SCV  
  135  8:52  Hellion x2, SCV  
  140  9:00  Cyclone  
  143  9:10  Supply Depot  
  143  9:13  Hellion, Cyclone  
  143  9:14  Hellion  
  135  9:32  Cyclone  
  135  9:35  Hellion x2  
  119  9:45  Cyclone  
  114  9:56  Hellion x2  
  114  9:57  SCV x3  
  121  10:04  Cyclone  
  124  10:09  SCV x2  
  126  10:15  Command Center  
  126  10:16  Factory  
  126  10:18  Hellion x2, Cyclone  
  126  10:20  Factory  
  133  10:21  Factory  
  133  10:22  Factory  
  133  10:27  Factory  
  133  10:36  Cyclone  
  136  10:47  Command Center  
  136  10:50  Cyclone  
  136  10:51  Hellion  
  136  10:52  Hellion  
  143  11:02  SCV x3  
  146  11:07  Factory Tech Lab  
  146  11:08  Factory Tech Lab, Factory Reactor, Cyclone  
  146  11:11  Factory Reactor  
  149  11:13  Hellion x2  
  149  11:14  SCV x2  
  149  11:16  Factory Tech Lab  
  155  11:22  Cyclone  
  158  11:34  Hellion x2  
  162  11:41  Cyclone  
  162  11:44  Neosteel Armor  
  168  11:54  Cyclone  
  168  12:01  Refinery  
  168  12:03  Refinery  
  168  12:06  Planetary Fortress  
  168  12:11  Planetary Fortress, Refinery  
  168  12:13  Cyclone x3  
  168  12:14  Cyclone  
  180  12:16  Hellion x6  
  192  12:26  Cyclone  
  195  12:37  Hellion x2  
  195  12:38  Refinery  
  191  13:03  Cyclone x4  
  191  13:04  Cyclone  
  191  13:05  Hellion x3  
  192  13:06  Hellion x2  
  192  13:09  SCV x2  
  142  13:22  Hellion  
  142  13:26  Hellion  
  142  13:27  Hellion x4  
Show
View Real Time Build Order
Export as new Build Order

QQuisote Protoss 

Build Orders:  

Get SALT Encoding   

  12  0:01  Probe  
  13  0:12  Probe  
  14  0:28  Pylon  
  14  0:33  Pylon, Probe  
  15  0:55  Pylon  
  15  1:06  Pylon  
  15  1:13  Probe  
  16  1:24  Gateway  
  16  1:26  Gateway  
  16  1:30  Gateway  
  16  1:54  Probe  
  16  2:01  Forge  
  17  2:02  Probe  
  17  2:05  Assimilator  
  18  2:08  Assimilator  
  18  2:10  Probe  
  18  2:14  Cybernetics Core  
  19  2:18  Cybernetics Core  
  19  2:20  Pylon  
  19  2:22  Probe  
  19  2:26  Zealot x2  
  24  2:45  Photon Cannon  
  24  2:57  Shield Battery  
  24  3:06  Warp Gate  
  24  3:12  Nexus  
  24  3:21  Photon Cannon  
  24  3:26  Robotics Facility  
  24  3:39  Pylon  
  24  3:40  Probe  
  25  3:52  Probe  
  25  3:53  Sentry  
  25  3:54  Sentry  
  30  4:05  Probe  
  31  4:17  Probe  
  32  4:18  Observer  
  33  4:29  Probe  
  34  4:41  Probe  
  34  4:42  Robotics Bay  
  35  4:49  Twilight Council  
  35  4:56  Probe  
  36  5:04  Stalker x2  
  40  5:08  Probe  
  41  5:15  Assimilator  
  41  5:19  Assimilator  
  41  5:20  Probe  
  42  5:23  Immortal  
  46  5:33  Probe  
  47  5:41  Probe  
  47  5:49  Probe  
  48  5:54  Pylon  
  48  5:55  Pylon  
  49  6:09  Stalker  
  49  6:10  Stalker  
  53  6:13  Gateway  
  53  6:15  Disruptor  
  53  6:16  Gateway  
  56  6:23  Probe  
  57  6:31  Probe  
  57  6:39  Probe  
  59  6:47  Protoss Ground Armor Level 1  
  59  6:49  Probe  
  60  7:11  Stalker  
  60  7:12  Stalker x3  
  68  7:20  Photon Cannon  
  68  7:23  Templar Archives  
  68  7:24  Probe  
  69  7:36  Probe  
  70  7:42  Nexus  
  70  7:45  Pylon  
  70  7:48  Probe  
  71  8:00  Psionic Storm  
  71  8:01  Probe  
  71  8:04  High Templar  
  71  8:05  High Templar x2  
  84  8:54  Dark Shrine  
  84  8:58  Probe  
  85  9:11  Probe  
  68  9:31  Stalker x2  
  68  9:32  Stalker x2  
  70  9:39  Disruptor  
  71  9:50  Pylon  
  63  9:59  Shield Battery  
  63  10:00  Shield Battery  
  63  10:03  Shield Battery x2  
  63  10:06  Photon Cannon  
  63  10:15  Pylon  
  63  10:17  High Templar x4  
  63  10:18  Pylon  
  63  10:19  Pylon  
  71  10:34  Observer  
  71  10:36  Colossus  
  77  10:46  Gateway  
  77  10:47  Gateway  
  77  10:49  Probe  
  78  10:50  Gateway  
  78  11:01  Probe  
  79  11:21  Stalker x4  
  87  11:30  Colossus  
  93  11:33  Stargate  
  93  11:34  Stargate  
  93  11:36  Stargate  
  93  11:53  Stalker x4  
  93  11:54  Stalker x2  
  103  11:55  Stalker  
  107  12:23  Warp Prism  
  109  12:34  Pylon  
  109  12:52  Void Ray x2  
  117  12:59  Void Ray  
  96  13:10  Stalker x4  
  96  13:11  Stalker x2  
  96  13:12  Stalker  
  54  13:34  Zealot x2  
  54  13:35  Zealot x3  
Tags
 
Add a new tag
Caveats
  • Supply blocks, unpowered buildings, or Contaminate may cause inaccurate times.
  • Supply counts are checked every 10 seconds.